General information
- name: BNet
- type: Ladder team game (AT/RT)
- host: Battle.net
- saver: WhatALazyBum
map: FullScaleAssault
- players: 8
- length: 11:59
- speed: Fast
- version: 1.28 W3XP
- replay type: Public
» download(124 KB)
Players
team 1 (loser)
kogeramit (
green | 132 APM | 1574 actions | 11:55)
3 Death Knight
2 Death Coil
1 Unholy Aura
3 Goblin Tinker
2 Cluster Rockets
1 Engineering Upgrade
2 Lich
1 Frost Nova
1 Frost Armor
» actions
| Assign group hotkey | 19 | |
| Basic commands | 4 | |
| Build / train | 64 | |
| Enter build submenu | 30 | |
| Enter hero's abilities submenu | 8 | |
| Give item / drop item | 2 | |
| Remove unit from queue | 3 | |
| Right click | 507 | |
| Select / deselect | 219 | |
| Select group hotkey | 655 | |
| Use ability | 63 | |
1574 total
» units
| Peasant | 17 | |
| Acolyte | 2 | |
| Ghoul | 3 | |
| Crypt Fiend | 3 | |
| Goblin Shredder | 2 | |
| Frost Wyrm | 4 | |
| Siege Engine | 2 | |
33 total
» upgrades
| Masonry | 1 | |
| Creature Attack | 2 | |
| Lumber Harvesting | 1 | |
| Plating | 1 | |
| Gunpowder | 1 | |
| Barrage | 1 | |
7 total
» buildings
| Crypt | 1 | |
| Graveyard | 1 | |
| Farm | 7 | |
| Ziggurat | 6 | |
| Altar of Kings | 1 | |
| Lumber Mill | 1 | |
| Altar of Darkness | 1 | |
| Halls of the Dead | 1 | |
| Tomb of Relics | 1 | |
| Keep | 1 | |
| Town Hall | 2 | |
| Black Citadel | 1 | |
| Sacrificial Pit | 1 | |
| Blacksmith | 1 | |
| Castle | 1 | |
| Boneyard | 2 | |
| Workshop | 4 | |
33 total
» build order
00:16 Crypt
00:20 Graveyard
00:24 Farm
00:35 Ziggurat
00:38 Altar of Kings
00:45 Lumber Mill
01:02 Altar of Darkness
01:23 Farm
02:02 Halls of the Dead
02:15 Farm
02:41 Ziggurat
02:48 Tomb of Relics
02:56 Farm
03:42 Keep
04:22 Town Hall
04:26 Black Citadel
04:36 Ziggurat
04:42 Ziggurat
04:52 Sacrificial Pit
05:04 Blacksmith
06:24 Castle
06:47 Boneyard
06:49 Boneyard
07:41 Town Hall
07:56 Ziggurat
07:57 Ziggurat
08:08 Workshop
08:11 Workshop
09:01 Workshop
09:25 Workshop
09:32 Farm
10:04 Farm
10:21 Farm
» items
| Rod of Necromancy | 1 | |
| Orb of Corruption | 1 | |
| Scroll of Town Portal | 1 | |
| Scroll of Speed | 1 | |
| Lesser Clarity Potion | 1 | |
| Healing Salve | 1 | |
6 total
Scorpionlej (
orange | 59 APM | 703 actions | 11:59)
2 Blood Mage
1 Flame Strike
1 Siphon Mana
1 Mountain King
1 Storm Bolt
» actions
| Assign group hotkey | 12 | |
| Basic commands | 2 | |
| Build / train | 47 | |
| Enter build submenu | 19 | |
| Enter hero's abilities submenu | 4 | |
| Give item / drop item | 1 | |
| Right click | 385 | |
| Select / deselect | 187 | |
| Select group hotkey | 16 | |
| Use ability | 30 | |
703 total
» units
| Peasant | 12 | |
| Footman | 5 | |
| Rifleman | 5 | |
| Goblin Zeppelin | 1 | |
23 total
» upgrades
| Gunpowder | 1 | |
| Armor | 1 | |
| Long Rifles | 1 | |
| Lumber Harvesting | 1 | |
4 total
» buildings
| Altar of Kings | 1 | |
| Barracks | 1 | |
| Farm | 7 | |
| Blacksmith | 1 | |
| Keep | 1 | |
| Scout Tower | 8 | |
| Arcane Vault | 1 | |
| Lumber Mill | 1 | |
| Arcane Tower | 4 | |
| Town Hall | 1 | |
| Guard Tower | 3 | |
| Castle | 1 | |
| Arcane Sanctum | 1 | |
31 total
» build order
00:11 Altar of Kings
00:25 Barracks
00:49 Farm
01:10 Farm
01:14 Farm
01:52 Farm
02:16 Blacksmith
02:34 Farm
03:05 Farm
03:08 Farm
04:25 Keep
04:32 Scout Tower
04:43 Arcane Vault
05:00 Lumber Mill
05:04 Arcane Tower
07:28 Town Hall
07:34 Guard Tower
07:35 Arcane Tower
07:59 Scout Tower
08:01 Scout Tower
08:03 Scout Tower
08:09 Scout Tower
08:13 Scout Tower
08:15 Scout Tower
08:17 Scout Tower
08:58 Guard Tower
08:59 Arcane Tower
10:42 Castle
10:50 Guard Tower
10:52 Arcane Tower
11:08 Arcane Sanctum
» items
| Boots of Speed | 1 | |
| Scroll of Regeneration | 2 | |
| Ivory Tower | 2 | |
5 total
WhatALazyBum (
red | 16 APM | 190 actions | 11:59)
» actions
| Assign group hotkey | 2 | |
| Build / train | 10 | |
| Enter build submenu | 19 | |
| Right click | 51 | |
| Select / deselect | 64 | |
| Select group hotkey | 11 | |
| Use ability | 33 | |
190 total
» units
» upgrades
» buildings
| Orc Burrow | 3 | |
| Altar of Storms | 1 | |
| Barracks | 1 | |
| Voodoo Lounge | 2 | |
| War Mill | 1 | |
| Watch Tower | 7 | |
| Great Hall | 1 | |
16 total
» build order
00:16 Orc Burrow
00:51 Altar of Storms
00:57 Barracks
01:09 Orc Burrow
01:39 Voodoo Lounge
01:43 Voodoo Lounge
02:01 War Mill
02:16 Orc Burrow
03:16 Watch Tower
03:20 Watch Tower
03:22 Watch Tower
03:40 Watch Tower
03:53 Watch Tower
04:17 Watch Tower
04:26 Watch Tower
11:34 Great Hall
team 2 (winner)
krankerboy13 (
pink | 84 APM | 1011 actions | 11:59)
4 Archmage
2 Summon Water Elemental
2 Brilliance Aura
1 Paladin
1 Holy Light
» actions
| Assign group hotkey | 67 | |
| Basic commands | 20 | |
| Build / train | 73 | |
| Enter build submenu | 27 | |
| Enter hero's abilities submenu | 5 | |
| Give item / drop item | 1 | |
| Remove unit from queue | 2 | |
| Right click | 423 | |
| Select / deselect | 208 | |
| Select group hotkey | 126 | |
| Use ability | 59 | |
1011 total
» units
| Peasant | 20 | |
| Footman | 2 | |
| Rifleman | 12 | |
| Sorceress | 2 | |
36 total
» upgrades
| Gunpowder | 2 | |
| Armor | 1 | |
| Long Rifles | 1 | |
| Lumber Harvesting | 1 | |
| Sorceress Training | 1 | |
| Priest Training | 1 | |
| Swords | 1 | |
8 total
» buildings
| Altar of Kings | 1 | |
| Farm | 13 | |
| Barracks | 1 | |
| Blacksmith | 1 | |
| Arcane Vault | 1 | |
| Lumber Mill | 1 | |
| Town Hall | 1 | |
| Scout Tower | 10 | |
| Guard Tower | 8 | |
| Keep | 1 | |
| Arcane Tower | 1 | |
| Castle | 1 | |
| Arcane Sanctum | 3 | |
43 total
» build order
00:08 Altar of Kings
00:23 Farm
00:36 Barracks
00:53 Farm
01:52 Blacksmith
02:12 Farm
02:33 Arcane Vault
02:47 Farm
03:19 Farm
04:03 Lumber Mill
04:08 Farm
04:46 Town Hall
04:51 Scout Tower
04:53 Scout Tower
04:54 Scout Tower
05:27 Guard Tower
05:32 Scout Tower
05:34 Scout Tower
05:49 Guard Tower
06:17 Keep
06:26 Scout Tower
06:28 Scout Tower
06:29 Guard Tower
06:32 Scout Tower
07:19 Arcane Tower
07:19 Guard Tower
07:22 Guard Tower
07:22 Guard Tower
07:49 Scout Tower
07:50 Scout Tower
07:51 Guard Tower
08:09 Farm
08:10 Farm
08:10 Farm
08:11 Farm
08:13 Farm
08:14 Farm
08:15 Farm
09:11 Guard Tower
09:49 Castle
10:24 Arcane Sanctum
10:25 Arcane Sanctum
10:36 Arcane Sanctum
» items
| Scroll of Regeneration | 3 | |
| Potion of Lesser Invulnerability | 1 | |
| Periapt of Vitality | 1 | |
| Potion of Healing | 2 | |
| Scroll of Town Portal | 1 | |
| Potion of Mana | 1 | |
9 total

»
Chymadanbi4 (
teal | 99 APM | 1183 actions | 11:59)
4 Tauren Chieftain
2 War Stomp
2 Endurance Aura
1 Shadow Hunter
1 Healing Wave
» actions
| Assign group hotkey | 20 | |
| Basic commands | 60 | |
| Build / train | 57 | |
| ESC pressed | 2 | |
| Enter build submenu | 16 | |
| Enter hero's abilities submenu | 6 | |
| Give item / drop item | 3 | |
| Right click | 502 | |
| Select / deselect | 148 | |
| Select group hotkey | 330 | |
| Use ability | 39 | |
1183 total
» units
| Peon | 9 | |
| Grunt | 13 | |
| Kodo Beast | 2 | |
| Shaman | 2 | |
26 total
» upgrades
| Berserker Strength | 1 | |
| Melee Weapons | 1 | |
| Armor | 1 | |
| Shaman Training | 2 | |
| War Drums Damage Increase | 1 | |
6 total
» buildings
| Altar of Storms | 1 | |
| Orc Burrow | 5 | |
| Barracks | 1 | |
| Voodoo Lounge | 1 | |
| Stronghold | 3 | |
| War Mill | 1 | |
| Fortress | 1 | |
| Spirit Lodge | 1 | |
| Beastiary | 1 | |
| Tauren Totem | 1 | |
16 total
» build order
00:26 Altar of Storms
00:40 Orc Burrow
01:05 Barracks
01:48 Orc Burrow
02:19 Voodoo Lounge
03:18 Stronghold
03:18 Stronghold
03:18 Stronghold
05:04 Orc Burrow
05:07 War Mill
05:47 Fortress
06:46 Spirit Lodge
07:52 Beastiary
07:55 Orc Burrow
08:47 Orc Burrow
11:59 Tauren Totem
» items
| Lesser Clarity Potion | 3 | |
| Healing Salve | 5 | |
| Scroll of Speed | 1 | |
| Scroll of Healing | 2 | |
| Scroll of Town Portal | 1 | |
12 total
MisanthropiC (
yellow | 58 APM | 697 actions | 11:59)
3 Archmage
2 Summon Water Elemental
1 Brilliance Aura
» actions
| Assign group hotkey | 2 | |
| Basic commands | 3 | |
| Build / train | 58 | |
| ESC pressed | 3 | |
| Enter build submenu | 32 | |
| Enter hero's abilities submenu | 3 | |
| Give item / drop item | 2 | |
| Right click | 309 | |
| Select / deselect | 204 | |
| Select group hotkey | 5 | |
| Use ability | 76 | |
697 total
» units
| Peasant | 19 | |
| Goblin Zeppelin | 2 | |
| Goblin Shredder | 2 | |
| Dragonhawk Rider | 3 | |
26 total
» upgrades
| Masonry | 2 | |
| Lumber Harvesting | 1 | |
| Armor | 1 | |
4 total
» buildings
| Altar of Kings | 1 | |
| Farm | 6 | |
| Lumber Mill | 1 | |
| Town Hall | 3 | |
| Scout Tower | 11 | |
| Arcane Tower | 1 | |
| Guard Tower | 11 | |
| Keep | 4 | |
| Arcane Vault | 2 | |
| Blacksmith | 1 | |
| Castle | 1 | |
| Gryphon Aviary | 2 | |
| Barracks | 1 | |
45 total
» build order
00:09 Altar of Kings
00:25 Farm
00:59 Farm
02:29 Lumber Mill
03:23 Town Hall
03:32 Town Hall
03:37 Scout Tower
03:39 Scout Tower
03:57 Arcane Tower
04:05 Guard Tower
04:05 Guard Tower
04:06 Guard Tower
04:47 Scout Tower
04:49 Farm
05:12 Keep
05:12 Keep
05:12 Keep
05:27 Guard Tower
05:27 Guard Tower
05:36 Arcane Vault
05:43 Scout Tower
05:49 Scout Tower
06:11 Guard Tower
06:18 Scout Tower
06:40 Guard Tower
06:45 Blacksmith
07:46 Guard Tower
08:27 Scout Tower
08:48 Scout Tower
08:53 Castle
08:58 Gryphon Aviary
08:58 Gryphon Aviary
09:15 Guard Tower
09:16 Guard Tower
09:32 Farm
10:05 Scout Tower
10:29 Barracks
10:47 Town Hall
10:50 Scout Tower
10:50 Scout Tower
11:06 Guard Tower
11:11 Arcane Vault
11:22 Farm
11:23 Farm
» items
| Lesser Clarity Potion | 1 | |
| Scroll of Regeneration | 1 | |
| Potion of Healing | 2 | |
| Staff of Teleportation | 1 | |
5 total
Unknowntrashcan (
purple | 69 APM | 825 actions | 11:59)
3 Archmage
2 Summon Water Elemental
1 Brilliance Aura
» actions
| Assign group hotkey | 9 | |
| Basic commands | 11 | |
| Build / train | 43 | |
| Enter build submenu | 26 | |
| Enter hero's abilities submenu | 3 | |
| Right click | 401 | |
| Select / deselect | 199 | |
| Select group hotkey | 91 | |
| Use ability | 42 | |
825 total
» units
| Peasant | 15 | |
| Footman | 5 | |
| Rifleman | 5 | |
25 total
» upgrades
| Masonry | 2 | |
| Defend | 1 | |
| Swords | 1 | |
| Gunpowder | 2 | |
| Lumber Harvesting | 1 | |
| Long Rifles | 1 | |
8 total
» buildings
| Altar of Kings | 1 | |
| Barracks | 1 | |
| Farm | 8 | |
| Lumber Mill | 1 | |
| Blacksmith | 1 | |
| Scout Tower | 9 | |
| Guard Tower | 3 | |
| Keep | 1 | |
| Arcane Vault | 1 | |
| Town Hall | 1 | |
27 total
» build order
00:06 Altar of Kings
00:22 Barracks
00:35 Farm
01:10 Farm
01:46 Lumber Mill
01:53 Farm
02:53 Blacksmith
03:21 Scout Tower
03:28 Scout Tower
03:43 Farm
04:42 Guard Tower
04:43 Guard Tower
05:06 Farm
05:48 Farm
05:52 Keep
06:03 Arcane Vault
07:10 Town Hall
08:27 Scout Tower
08:42 Scout Tower
09:00 Scout Tower
09:02 Scout Tower
09:10 Scout Tower
09:26 Scout Tower
09:31 Scout Tower
10:51 Farm
10:52 Farm
11:19 Guard Tower
» items
| Scroll of Regeneration | 1 | |
| Lesser Clarity Potion | 1 | |
2 total
Chat log
(00:08 / Allies) kogeramit: i control
(00:52 / Allies) kogeramit: copters wyrms
(03:25 / Allies) kogeramit: dont help orange
(05:24 / Allies) kogeramit: wtf?
(11:51 / Allies) kogeramit: fuck you red